 Dungeon Crawl Stone Soup version 0.29.1-12-g30fa7ad0bf (webtiles) character file.

Game seed: 11931003429699665121

247 FaviusArthum the Grave Robber (level 5, -2/28 HPs)
             Began as a Deep Elf Necromancer on Jan 6, 2023.
             Was an Initiate of Sif Muna.
             Killed from afar by a white imp (4 damage)
             ... with a puff of frost
             ... on level 4 of the Dungeon.
             The game lasted 00:16:17 (5465 turns).

FaviusArthum the Grave Robber (DENe)                Turns: 5465, Time: 00:16:17

Health: -2/28      AC:  6    Str:  5    XL:     5   Next: 85%
Magic:  9/15       EV:  6    Int: 22    God:    Sif Muna [......]
Gold:   287        SH:  0    Dex: 15    Spells: 11/15 levels left

rFire   + . .      SeeInvis .   e - staff of cold
rCold   + . .      Faith    .   (no shield)
rNeg    . . .      Spirit   .   v - +0 scale mail {rF+}
rPois   .          Reflect  .   (no helmet)
rElec   .          Harm     .   (no cloak)
rCorr   .          Rampage  .   (no gloves)
Will    .....                   (no boots)
Stlth   +.........              (no amulet)
HPRegen 0.09/turn               (no ring)
MPRegen 0.14/turn               (no ring)

@: no status effects
A: no striking features
a: Renounce Religion


You were on level 4 of the Dungeon.
You worshipped Sif Muna.
Sif Muna was noncommittal.
You visited 2 branches of the dungeon, and saw 6 of its levels.

You collected 287 gold pieces.

Inventory:

Hand Weapons
 d - a +0 dagger of venom
Armour
 a - a +0 robe
 l - a +0 ring mail
 v - a +0 scale mail of fire resistance (worn)
Magical Staves
 e - a staff of cold (weapon)
Wands
 w - a wand of polymorph (4)
Scrolls
 f - a scroll of immolation {unknown}
 g - 5 scrolls of identify {unknown}
 h - 2 scrolls of blinking {unknown}
 i - a scroll of enchant armour {unknown}
 k - a scroll of fear {unknown}
 n - a scroll of noise {unknown}
 q - 2 scrolls of fog {unknown}
 r - 2 scrolls of vulnerability {unknown}
Potions
 b - a potion of magic
 c - 2 potions of heal wounds {unknown}
 j - a potion of ambrosia {unknown}
 m - 3 potions of curing {unknown}
 o - 2 potions of berserk rage {unknown}
 p - a potion of attraction {unknown}
 s - a potion of might {unknown}
 t - a potion of haste {unknown}
 u - 2 potions of resistance {unknown}
 x - a potion of degeneration {unknown}


   Skills:
 + Level 0.1 Fighting
 + Level 0.1 Staves
 + Level 0.3 Armour
 + Level 2.6 Dodging
 + Level 2.5 Stealth
 + Level 5.7 Spellcasting
 + Level 7.1 Necromancy


You had 11 spell levels left.
You knew the following spells:

 Your Spells              Type           Power      Damage    Failure   Level
a - Necrotise             Necr           100%       1d9       13%         1
b - Vampiric Draining     Necr           37%        2d8       36%         3

Your spell library contained the following spells:

 Spells                   Type           Power      Damage    Failure   Level
 Animate Dead             Necr           37%        N/A       77%         4
 Apportation              Tloc           12%        N/A       93%         1
 Agony                    Necr           37%        N/A       98%         5
 Alistair's Intoxication  Tmut/Pois      4%         N/A       100%        5


Dungeon Overview and Level Annotations

Branches:
Dungeon (5/15)             Temple (1/1) D:4

Altars:
Ashenzari
Cheibriados
Dithmenos
Elyvilon
Gozag
Kikubaaqudgha
Makhleb
Nemelex Xobeh
Ru
Sif Muna
Vehumet
Xom
Yredelemnul
The Shining One


Message History

The spell is extremely dangerous to miscast (36% risk of failure)!
Continue anyway?
Aiming: Vampiric Draining (extremely dangerous; 36% risk of failure)
Press: ? - help, Shift-Dir - straight line, f/p - hound
Aim: a hound (severely wounded)
You draw life force from the hound!
You kill the hound!
Sif Muna accepts your kill.
You feel life coursing into your body. The white imp gestures at you.
The puff of frost hits you. You resist.
* * * LOW HITPOINT WARNING * * *
The white imp hits you but does no damage.
You climb upwards.
There is a stone staircase leading down here.
The white imp hits you.
* * * LOW HITPOINT WARNING * * *
The white imp freezes you. You resist.
* * * LOW HITPOINT WARNING * * *
Casting: Vampiric Draining (extremely dangerous; 36% risk of failure)
Confirm with . or Enter, or press ? or * to list all spells.
You can't see any susceptible monsters within range! (Use Z to cast anyway.)
You hit the white imp but do no damage. The white imp barely misses you.
The white imp gestures at you. The puff of frost hits you. You resist.
* * * LOW HITPOINT WARNING * * *
You hit the white imp.
The white imp is lightly wounded.
The white imp gestures at you. The puff of frost hits you. You resist.
* * * LOW HITPOINT WARNING * * *
You hit the white imp.
The white imp is moderately wounded.
The white imp gestures at you.
The puff of frost hits you but does no damage.
You resist.
You hit the white imp.
The white imp is severely wounded.
The white imp gestures at you. The puff of frost hits you. You resist.
You die...

####### #.....#
#########.###.#
#.........# #.#
#.###########.#######
#.# #.5>............#
#Z# #.#@..###.#####.####
#.# # #.......# #....#
#.# #.[#############..
#.# #.................
#.#####....############.
#..........# #.
########...# #' #).(#
........ #...# ........


You could see a white imp.

Vanquished Creatures
  2 hounds
  Terence (D:3)
  10 adders
  A dart slug (D:2)
  An orc (D:4)
  7 bats
  12 endoplasms
  3 giant cockroaches
  4 goblins
  10 hobgoblins
  3 quokkas
  5 ball pythons
  2 frilled lizards
  6 kobolds
  3 rats
70 creatures vanquished.

Vanquished Creatures (collateral kills)
  A goblin (D:1)
  A hobgoblin (D:1)
  A rat (D:1)
3 creatures vanquished.

Grand Total: 73 creatures vanquished

Notes
Turn   | Place    | Note
-------+----------+-------------------------------------------
     0 | D:1      | FaviusArthum the Deep Elf Necromancer began the quest for
                  | the Orb.
     0 | D:1      | Reached XP level 1. HP: 10/10 MP: 6/6
   246 | D:1      | Reached skill level 5 in Necromancy
   347 | D:1      | Reached XP level 2. HP: 9/15 MP: 5/8
   951 | D:1      | Reached XP level 3. HP: 17/19 MP: 6/9
   955 | D:1      | Learned a level 3 spell: Vampiric Draining
  1818 | D:2      | Found a white marble altar of Elyvilon.
  1825 | D:2      | Reached skill level 6 in Necromancy
  2175 | D:2      | Reached XP level 4. HP: 24/24 MP: 4/12
  2577 | D:3      | Found a radiant altar of Vehumet.
  3035 | D:3      | Noticed Terence
  3040 | D:3      | Killed Terence
  3460 | D:3      | Found a faded altar of an unknown god.
  3464 | D:3      | Found a burning altar of Makhleb.
  3520 | D:3      | Reached XP level 5. HP: 28/28 MP: 10/14
  3806 | D:4      | Reached skill level 5 in Spellcasting
  4022 | D:4      | Found a shimmering altar of Xom.
  4292 | D:4      | Found a staircase to the Ecumenical Temple.
  4301 | Temple   | Entered the Ecumenical Temple
  4309 | Temple   | Became a worshipper of Sif Muna the Loreminder
  4548 | D:4      | Reached skill level 7 in Necromancy
  5449 | D:5      | Entered Level 5 of the Dungeon
  5463 | D:4      | HP: 1/28 [white imp/puff of frost (3)]
  5465 | D:4      | Killed from afar by a white imp

Illustrated notes

Levels and vault maps discovered:
D:1:      minmay_arrival_widening_spiral_narrow, layout_basic, eino_curves_03,
          minmay_pentomino_z2
D:2:      layout_basic, basic_altar, hangedman_decor_lopped
D:3:      layout_rooms, nicolae_vehumet_altar_sigil,
          nicolae_overflow_ecumenical_swirl, serial_rivers,
          chequers_serial_rivers_room_a, chequers_serial_rivers_micro_e,
          chequers_serial_rivers_large_b, chequers_serial_rivers_micro_d,
          uniq_terence
D:4:      layout_basic, lemuel_tele_altar, temple_pool_b
D:5:      layout_rooms, nicolae_overflow_crystal_walls, st_stairs_12,
          minmay_misc_feat_diagonals, uniq_grinder
Temple:   dpeg_chambers_temple

Skill      XL: |  1  2  3  4  5 |
---------------+----------------+-----
Necromancy     | 5 6 7 |  7.1
Spellcasting   | 4 5 |  5.7
Fighting       | |  0.1
Staves         | |  0.1
Armour         | |  0.3
Dodging        | |  2.6
Stealth        | |  2.5

Action                   |  1- 3 |  4- 6 || total
-------------------------+-------+-------++-------
Melee: Staff             |    40 |    36 ||    76
 Cast: Necrotise         |    61 |    56 ||   117
       Vampiric Draining |       |     7 ||     7
Evoke: Wand              |       |     2 ||     2
Armor: Robe              |     5 |       ||     5
       Ring mail         |    16 |    21 ||    37
       Scale mail        |       |     7 ||     7
Dodge: Dodged            |    23 |    27 ||    50
